Map: Blackpink LE

Players

Fullmetal

  • Race: Terran Terran
  • League: Master
  • Spawn Location: 7:00

Ascarecroww - Winner!

  • Race: Zerg Zerg
  • League: Master
  • Spawn Location: 1:00

VOD

Have the link to the VOD?

Description

Time

  • Played on: Feb. 8, 2018, 7:34 a.m.
  • Length: 13:40
Show
View Real Time Build Order
Export as new Build Order

Fullmetal Terran 

Build Orders:  

Get SALT Encoding   

  12  0:00  SCV  
  13  0:13  SCV  
  14  0:19  Supply Depot  
  14  0:25  SCV  
  15  0:40  SCV  
  15  0:41  Barracks  
  16  0:50  Barracks  
  16  0:53  SCV  
  17  1:02  Supply Depot  
  17  1:05  SCV  
  18  1:18  SCV  
  19  1:28  Marine  
  19  1:30  Orbital Command  
  20  1:38  Marine, Barracks  
  21  1:48  Barracks  
  21  1:50  Marine  
  22  1:59  SCV  
  23  2:02  Marine  
  24  2:09  Barracks  
  24  2:11  Marine, SCV  
  26  2:19  Supply Depot  
  26  2:22  Marine  
  27  2:23  SCV  
  27  2:25  Marine  
  27  2:29  Marine  
  30  2:35  SCV  
  31  2:40  Marine  
  31  2:42  Marine, Supply Depot  
  33  2:44  Marine  
  33  2:48  Marine  
  35  2:54  Supply Depot  
  35  2:57  Marine  
  35  2:58  Marine  
  36  3:04  Marine  
  36  3:05  Marine x2  
  40  3:15  Marine  
  40  3:16  Marine  
  42  3:22  Marine x2  
  42  3:26  Marine  
  45  3:33  Marine  
  46  3:37  Marine  
  46  3:40  Marine  
  48  3:42  Marine  
  49  3:48  Marine  
  49  3:51  Marine  
  51  4:02  Marine x2  
  46  4:07  Marine  
  46  4:09  SCV  
  45  4:21  SCV  
  42  4:25  Marine x3  
  43  4:33  SCV  
  43  4:34  Marine x2  
  42  4:45  SCV  
  42  4:51  Marine  
  36  4:54  Marine x2  
  36  4:58  SCV  
  39  5:04  Marine x2  
  37  5:10  SCV  
  37  5:12  Marine x3  
  29  5:22  Marine x2, SCV  
  29  5:28  Refinery  
  32  5:34  Marine x2  
  32  5:35  Marine  
  31  5:37  SCV  
  31  5:42  Marine x2  
  33  5:50  SCV  
  33  5:52  Marine x2  
  33  5:54  Marine  
  37  6:00  Marine  
  37  6:02  SCV  
  37  6:04  Barracks Tech Lab  
  39  6:10  Marine  
  40  6:22  Command Center  
  40  6:25  Marine  
  41  6:26  Marine  
  41  6:28  Marine  
  41  6:32  Marine  
  44  6:42  SCV, Stimpack  
  44  6:43  Marine  
  44  6:46  Marine  
  46  6:47  Marine  
  46  6:54  Marine, SCV  
  47  7:00  Marine  
  47  7:01  Marine  
  49  7:10  Marine  
  49  7:11  Marine  
  49  7:12  Marine  
  51  7:18  Marine, SCV  
  51  7:25  Factory, Marine  
  52  7:32  Marine  
  52  7:33  Refinery  
  53  7:39  Marine x2  
  55  7:46  Marine x2  
  54  7:57  SCV  
  55  8:00  Orbital Command  
  55  8:05  Marine x2  
  56  8:10  SCV  
  58  8:16  Marine  
  58  8:18  Starport  
  58  8:21  Factory Reactor  
  58  8:23  SCV  
  58  8:26  SCV  
  60  8:29  Marine  
  61  8:35  Supply Depot  
  61  8:40  SCV x2  
  63  8:42  Marine  
  63  8:43  Marine  
  65  8:49  Marine x2  
  65  8:50  Marine  
  65  8:52  SCV  
  69  8:58  Supply Depot  
  69  9:03  SCV  
  69  9:05  Medivac x2  
  69  9:08  Widow Mine  
  69  9:09  Marine x2  
  78  9:20  SCV  
  78  9:22  Supply Depot  
  79  9:26  Supply Depot  
  79  9:27  SCV  
  79  9:30  Marine x4  
  84  9:32  SCV  
  85  9:43  Supply Depot, Widow Mine, Medivac  
  89  9:48  Supply Depot  
  89  9:53  Medivac  
  89  9:54  SCV x2  
  89  9:55  Marine  
  94  10:00  Marine x2  
  94  10:06  Marine x2  
  98  10:13  Marine  
  96  10:15  Medivac  
  96  10:16  Widow Mine  
  96  10:18  Marine x2  
  102  10:24  Marine  
  102  10:27  Marine  
  104  10:31  Marine  
  105  10:36  Medivac  
  105  10:38  Marine x2, Widow Mine  
  105  10:42  Marine  
  111  10:45  Marine, Medivac  
  111  10:49  Marine  
  115  10:50  SCV x2  
  115  10:55  Marine  
  115  10:58  Marine  
  115  11:00  Marine  
  104  11:05  Marine  
  104  11:06  Marine  
  104  11:09  Command Center  
  96  11:28  Orbital Command  
  70  12:01  Bunker  
  70  12:13  Marine  
  70  12:15  Marine x2  
  70  12:20  Marine x2, SCV x2, Medivac  
  76  12:27  Supply Depot  
  76  12:30  Supply Depot  
  76  12:31  Marine  
  76  12:33  Marine x2  
  76  12:36  Supply Depot, Widow Mine  
  81  12:38  Marine x2  
  81  12:39  SCV  
  81  12:40  SCV  
  85  12:49  Marine, Bunker  
  85  12:50  Bunker  
  85  12:51  Marine  
  84  13:04  Marine x2  
  62  13:20  Marine  
  62  13:21  Marine  
Show
View Real Time Build Order
Export as new Build Order

Ascarecroww Zerg - Winner!

Build Orders: Hatch First 

Get SALT Encoding   

  12  0:01  Drone  
  13  0:12  Overlord  
  13  0:17  Drone  
  14  0:31  Drone x2  
  16  0:36  Drone  
  17  0:53  Hatchery  
  17  0:55  Drone  
  17  0:58  Drone  
  18  1:11  Extractor  
  17  1:14  Spawning Pool  
  17  1:17  Drone  
  17  1:20  Drone  
  18  1:28  Drone  
  19  1:39  Drone  
  20  1:50  Overlord  
  20  2:01  Queen  
  20  2:05  Queen  
  20  2:06  Zergling x4  
  26  2:20  Hatchery  
  25  2:23  Metabolic Boost  
  25  2:27  Drone  
  26  2:31  Drone  
  26  2:36  Drone x2  
  29  2:43  Drone  
  30  2:45  Drone  
  30  2:46  Drone  
  32  2:52  Overlord  
  32  2:57  Drone  
  33  3:06  Drone  
  33  3:07  Drone  
  35  3:18  Zergling x14  
  42  3:22  Overlord  
  42  3:35  Baneling Nest  
  42  3:36  Overlord  
  42  3:39  Zergling x2  
  42  3:41  Queen  
  42  3:42  Queen  
  42  3:44  Zergling x2  
  47  3:48  Zergling x2  
  47  3:49  Zergling x2  
  47  3:53  Zergling x2  
  50  3:59  Zergling x2  
  50  4:00  Zergling x6  
  47  4:07  Zergling x2  
  47  4:08  Zergling x6  
  42  4:13  Zergling x2  
  42  4:14  Zergling x2  
  36  4:21  Baneling x2  
  36  4:22  Zergling x2, Baneling x2  
  35  4:27  Baneling x2  
  35  4:31  Zergling x6  
  34  4:37  Zergling x4  
  34  4:48  Zergling x2  
  34  4:49  Zergling x6  
  32  4:57  Zergling x4  
  34  5:04  Zergling x2  
  34  5:05  Zergling x4  
  22  5:15  Zergling x2  
  20  5:23  Drone x2  
  22  5:30  Zergling x2  
  22  5:35  Drone  
  24  5:48  Zergling x6  
  25  5:52  Zergling x2  
  26  5:57  Drone  
  26  5:59  Drone  
  28  6:05  Zergling x4  
  30  6:11  Drone  
  30  6:12  Drone  
  32  6:20  Baneling Nest  
  32  6:22  Drone  
  32  6:25  Drone  
  32  6:29  Zergling x2  
  32  6:31  Zergling x2  
  35  6:40  Zergling x6  
  35  6:45  Zergling x2  
  35  6:46  Zergling x2  
  40  6:50  Zergling x2  
  40  6:53  Overlord  
  40  7:09  Zergling x2  
  40  7:18  Zergling x16  
  48  7:26  Baneling x2  
  48  7:27  Baneling x6  
  48  7:31  Drone  
  48  7:36  Overlord  
  49  7:41  Drone  
  48  7:53  Overlord  
  48  7:57  Drone x5  
  53  8:06  Drone x4  
  57  8:20  Queen x2  
  57  8:25  Overlord  
  61  8:30  Drone x2  
  61  8:31  Drone  
  64  8:41  Drone  
  65  8:46  Drone  
  65  8:47  Drone x7  
  73  8:58  Overlord  
  73  8:59  Overlord  
  73  9:11  Queen, Evolution Chamber x2  
  73  9:16  Lair  
  73  9:20  Zergling x2  
  73  9:21  Zergling x14  
  81  9:24  Queen  
  83  9:35  Drone  
  83  9:36  Drone x4  
  88  9:44  Overlord x3  
  88  9:47  Zerg Melee Weapons Level 1  
  88  9:51  Zerg Ground Armor Level 1  
  88  9:54  Extractor  
  88  9:55  Extractor  
  86  10:00  Queen  
  86  10:05  Drone x3  
  86  10:06  Drone x3  
  94  10:14  Zergling x14  
  95  10:16  Baneling  
  95  10:17  Baneling x4  
  101  10:29  Zergling x2  
  101  10:30  Zergling x12  
  101  10:32  Baneling  
  101  10:33  Hatchery, Baneling  
  101  10:34  Baneling  
  107  10:46  Zergling x12  
  100  11:09  Zergling x22  
  106  11:15  Zergling x2  
  106  11:16  Zergling x2  
  106  11:17  Baneling  
  106  11:18  Baneling x6  
  102  11:23  Zergling x12  
  108  11:31  Queen  
  106  11:33  Zergling x2  
  106  11:34  Zergling x4  
  106  11:37  Zergling x2  
  106  11:38  Zergling x4  
  102  11:52  Centrifical Hooks  
  102  11:54  Queen x2  
  102  11:59  Drone  
  102  12:00  Drone x7  
  114  12:10  Queen, Extractor x2  
  114  12:13  Overlord x2  
  111  12:20  Hatchery  
  109  12:24  Baneling  
  109  12:25  Baneling x6  
  109  12:29  Drone x3  
  112  12:36  Drone x2  
  112  12:37  Drone, Extractor  
  114  12:38  Overlord x2  
  114  12:44  Zergling x2  
  114  12:45  Zergling x8  
  116  13:01  Zergling x8  
  118  13:09  Zergling x2  
  118  13:10  Zergling x6  
Tags
 
Matchup
TvZ
Spawn Locations
Cross Positions
Add a new tag
Caveats
  • Supply blocks, unpowered buildings, or Contaminate may cause inaccurate times.
  • Supply counts are checked every 10 seconds.